 Dungeon Crawl Stone Soup version 0.31-a0-155-gb63f529262 (webtiles) character file.

Game seed: 13638461659581772975

88 Ijustatesigmund the Stinger (level 4, -7/29 HPs)
             Began as an Octopode Venom Mage on June 12, 2023.
             Mangled by an orc
             ... wielding a +0 mace
              (8 damage)
             ... on level 3 of the Dungeon.
             The game lasted 00:04:26 (2387 turns).

Ijustatesigmund the Stinger (Octopode Venom Mage)   Turns: 2387, Time: 00:04:26

Health: -7/29      AC:  1    Str:  7    XL:     4   Next: 53%
Magic:  8/8        EV: 13    Int: 19    God:
Gold:   122        SH:  0    Dex: 12    Spells: 2/8 levels left

rFire   . . .        f - +0 hand axe
rCold   . . .        (no shield)
rNeg    . . .        (helmet restricted)
rPois   +            e - amulet of magic regeneration
rElec   .            j - ring of poison resistance
rCorr   .            (no ring)
SInv    .            (no ring)
Will    .....        (no ring)
Stlth   +++          (no ring)
HPRegen 0.24/turn    (no ring)
MPRegen 0.51/turn    (no ring)
                     (no ring)

%: no passive effects
@: no status effects
A: almost no armour, amphibious, 8 rings, camouflage 1, gelatinous body 1,
(nimble swimmer 1), tentacles
a: no special abilities


You were on level 3 of the Dungeon.
You visited 1 branch of the dungeon, and saw 3 of its levels.

You collected 122 gold pieces.

Inventory:

Hand Weapons
 f - a +0 hand axe (weapon)
Missiles
 c - a throwing net
 i - 4 curare-tipped darts (quivered)
Armour
 l - a +0 kite shield
Jewellery
 b - an amulet of the acrobat
 e - an amulet of magic regeneration (around mantle)
 j - a ring of poison resistance (left tentacle)
Scrolls
 g - a scroll of identify {unknown}
 h - a scroll of enchant armour {unknown}
 p - a scroll of brand weapon {unknown}
Potions
 a - a potion of magic
 d - a potion of invisibility {unknown}
 k - a potion of heal wounds {unknown}
 m - a potion of ambrosia {unknown}
 n - a potion of berserk rage {unknown}


   Skills:
 + Level 2.1 Fighting
 - Level 2.0 Dodging
 - Level 2.6 Stealth
 + Level 2.8 Spellcasting
 + Level 0.5 Conjurations
 - Level 1.0 Transmutations
 + Level 0.5 Air Magic
 + Level 4.5 Poison Magic


You had 2 spell levels left.
You knew the following spells:

 Your Spells              Type           Power      Damage    Failure   Level
a - Sting                 Tmut/Pois      52%        1d5       4%          1
b - Poisonous Vapours     Pois/Air       24%        N/A       9%          2
c - Mephitic Cloud        Conj/Pois/Air  9%         N/A       22%         3

Your spell library contained the following spells:

 Spells                   Type           Power      Damage    Failure   Level
 Magic Dart               Conj           16%        1d3       13%         1
 Summon Small Mammal      Summ           8%         N/A       16%         1
 Call Imp                 Summ           4%         N/A       24%         2
 Olgreb's Toxic Radiance  Pois           19%        N/A       24%         4
 Call Canine Familiar     Summ           2%         N/A       43%         3
 Summon Guardian Golem    Hex/Summ       2%         N/A       43%         3
 Freezing Cloud           Conj/Ice/Air   1%         6-21      98%         5


Dungeon Overview and Level Annotations

Branches:
Dungeon (3/15)

Altars:

Annotations:
D:3 3 runed translucent doors, Ijustatesigmund's ghost, amateur OpVM


Innate Abilities, Weirdness & Mutations

You cannot wear most types of armour.
You are amphibious.
You can wear up to eight rings at the same time.
Your skin changes colour to match your surroundings (Stealth+).
Your rubbery body absorbs attacks. (AC +1, EV +1)
((You are camouflaged when in or above water. (Stealth+)))
You have tentacles for arms and can constrict up to eight enemies at once.


Message History

You closely miss the orc. Your grab misses the orc.
The orc completely misses you.
An adder comes into view.
You hit the orc. You grab the orc.
The orc is heavily wounded.
You constrict the orc, but do no damage.
The orc hits you with a +0 dagger. x2
Casting: Poisonous Vapours (safe; 10% risk of failure)
Confirm with . or Enter, or press ? or * to list all spells.
The spell is quite dangerous to miscast (26% risk of failure)!
Continue anyway?
Okay, then.
You hit the orc but do no damage. You squeeze the orc, but do no damage.
The orc is heavily wounded.
You barely miss the orc.
You constrict the orc, but do no damage.
The orc struggles to escape constriction.
Casting: Mephitic Cloud (quite dangerous; 26% risk of failure)
Confirm with . or Enter, or press ? or * to list all spells.
Aiming: Poisonous Vapours (safe; 10% risk of failure)
Press: ? - help, Dir - move target, f/p - orc priest
Aim: an orc priest, wielding a +0 flail (almost dead, poisoned, slow) Poisonous vapours surround the orc priest!
The orc priest looks even sicker.
You constrict the orc, but do no damage.
You kill the orc priest!
The orc barely misses you. The orc hits you with a +0 dagger.
Your Fighting skill increases to level 2!
As you read the scroll labelled VIOKAHAQUE, it crumbles to dust.
You feel aware of your surroundings.
It was a scroll of magic mapping.
You constrict the orc. The orc hits you with a +0 mace.
The orc closely misses you. The orc hits you with a +0 hand axe!
* * * LOW HITPOINT WARNING * * *
You release your grip on the orc.
The adder attacks as you move away! The adder bites you.
* * * LOW HITPOINT WARNING * * *
The adder attacks as you move away! The adder misses you.
The orc hits you with a +0 mace.
* * * LOW HITPOINT WARNING * * *
The orc attacks as you move away! The orc hits you with a +0 mace!
You die...

*,** *,,, *,** *,* ########
######## *,**
.......#########......####****,**
...~......(....'.o........,,,,,**
...≈≈..#########.o!.).....,******
..≈.≈≈.#>.......@So....(..,+,,,,,
..≈..≈.#.....#########....,******
≈≈~..≈≈#.###.# *,...,**** *
......≈#.# #.# *,,,^,,,,***
...≈#+≈#.###.# ***,,,,,,,,,
.#≈~#.##...#.# ****,*,*,*,*,
.≈~##.##...#.########,,,,,,,,,,,,
.≈.#....≈...........+,,,,*,*,*,*,
..#.###≈≈≈#####.#####,,,,,,,,,,,,


You could see an adder and 3 orcs.

Vanquished Creatures
  An orc priest (D:3)
  An adder (D:2)
  2 worms
  A dart slug (D:2)
  3 orcs (D:3)
  3 endoplasms
  A giant cockroach (D:2)
  A goblin (D:3)
  6 hobgoblins
  A kobold (D:1)
  A quokka (D:3)
  9 ball pythons
  6 bats
  2 frilled lizards
  2 rats
40 creatures vanquished.

Notes
Turn   | Place    | Note
-------+----------+-------------------------------------------
     0 | D:1      | Ijustatesigmund the Octopode Venom Mage began the quest for
                  | the Orb.
     0 | D:1      | Reached XP level 1. HP: 11/11 MP: 3/3
   399 | D:1      | Reached XP level 2. HP: 10/18 MP: 3/5
   553 | D:1      | Learned a level 2 spell: Poisonous Vapours
   885 | D:1      | Reached skill level 1 in Fighting
  1002 | D:1      | Reached skill level 4 in Poison Magic
  1265 | D:1      | Found a faded altar of an unknown god.
  1338 | D:2      | Reached XP level 3. HP: 23/23 MP: 1/6
  2232 | D:3      | Found a runed translucent gate.
  2233 | D:3      | Found a runed translucent gate.
  2233 | D:3      | Found a runed translucent gate.
  2236 | D:3      | Noticed Ijustatesigmund's ghost (amateur OpVM)
  2315 | D:3      | Learned a level 3 spell: Mephitic Cloud
  2347 | D:3      | Reached XP level 4. HP: 29/29 MP: 4/8
  2386 | D:3      | HP: 1/29 [orc/+0 mace (2)]
  2387 | D:3      | Mangled by an orc

Illustrated notes

Levels and vault maps discovered:
D:1:      roderic_crossed_star, layout_basic, shapermc_ecumenical_altar_petra
D:2:      layout_basic, mrwooster_statue_mirror
D:3:      layout_basic, gammafunk_ghost_split, serial_rivers,
          chequers_serial_rivers_micro_e, chequers_serial_rivers_micro_b,
          chequers_serial_rivers_small_b, chequers_serial_rivers_small_3,
          chequers_serial_rivers_micro_e, chequers_serial_rivers_small_3,
          glass_columns_c, nrook_mini_vaults

Skill      XL: |  1  2  3  4 |
---------------+-------------+-----
Fighting       | 1 2 |  2.1
Poison Magic   | 4 |  4.5
Dodging        | |  2.0
Stealth        | |  2.6
Spellcasting   | |  2.8
Conjurations   | |  0.5
Transmutations | |  1.0
Air Magic      | |  0.5

Action                     |  1- 3 |  4- 6 || total
---------------------------+-------+-------++-------
  Melee: Constrict         |    20 |     1 ||    21
         Unarmed           |     6 |       ||     6
         Hand axe          |    57 |     3 ||    60
         Tentacles         |     9 |     1 ||    10
  Throw: Dart              |       |     1 ||     1
   Cast: Sting             |    10 |       ||    10
         Poisonous Vapours |    28 |     1 ||    29
    Use: Scroll            |       |     1 ||     1
   Stab: Sleeping          |     4 |       ||     4
 Armour: Skin              |    15 |       ||    15
  Dodge: Dodged            |    63 |     4 ||    67

Table legend: (Time is in decaauts)
 A = Elapsed time spent in this place.
 B = Non-inter-level travel time spent in this place.
 C = Inter-level travel time spent in this place.
 D = Time resting spent in this place.
 E = Time spent auto-exploring this place.
 F = Levels seen in this place.
 G = Mean time per level.
                   A        B        C        D        E       F      G
               +--------+--------+--------+--------+--------+-----+--------+
         Total |   2403 |   2332 |     71 |    269 |   1728 |   3 |  801.0 |
       Dungeon |   2403 |   2332 |     71 |    269 |   1728 |   3 |  801.0 |
               +--------+--------+--------+--------+--------+-----+--------+

Top non-repeatable levels by time:
     D:1: 1313 daAuts
     D:2: 841 daAuts
     D:3: 249 daAuts
